 Dungeon Crawl Stone Soup version 0.18.1-48-g4cf74bf (webtiles) character file.

191 Inkary the Poker (level 5, -4/41 HPs)
             Began as a Merfolk Skald on July 28, 2016.
             Killed by nerve-wracking pain
             ... invoked by an orc priest
              (6 damage)
             ... on level 4 of the Dungeon.
             The game lasted 00:09:45 (4228 turns).

Inkary the Poker (Merfolk Skald)                    Turns: 4228, Time: 00:09:46

Health: -4/41      AC:  5    Str: 13    XL:     5   Next: 70%
Magic:  4/9        EV: 18    Int: 12    God:
Gold:   173        SH:  0    Dex: 18    Spells: 1 memorised, 8 levels left

rFire  . . .     SeeInvis .     a - +0 spear
rCold  . . .     Gourm    .     p - +1 leather armour (curse)
rNeg   + . .     Faith    .     (no shield)
rPois  .         Spirit   .     (no helmet)
rElec  .         Dismiss  .     (no cloak)
rCorr  .         Reflect  .     e - +0 pair of gloves
SustAt .         Harm     .     (no boots)
MR     .....                    (no amulet)
Stlth  ++........               (no ring)
                                i - ring of positive energy

@: agile, very slightly contaminated, hasted and slowed, not resistant to
hostile enchantments, unstealthy
A: change form in water, swift swim
a: no special abilities


You were on level 4 of the Dungeon.
You were hungry.

You visited 1 branch of the dungeon, and saw 4 of its levels.

You collected 173 gold pieces.

Inventory:

Hand Weapons
 a - a +0 spear (weapon)
Armour
 e - a +0 pair of gloves (worn)
 l - a +0 buckler
 p - a cursed +1 leather armour (worn)
Jewellery
 i - a ring of positive energy (left hand)
Scrolls
 f - a scroll of enchant armour
 g - a scroll of fear
 o - a scroll of identify
 r - a scroll of enchant weapon {unknown}
 t - a scroll of teleportation {unknown}
Potions
 j - a potion of degeneration {unknown}
 s - a potion of invisibility {unknown}
 u - a potion of cure mutation
Books
 c - a book of Battle

   Spells                             Type                      Level
   a - Infusion                       Charms                       1
   b - Shroud of Golubria             Charms/Translocation         2
   c - Song of Slaying                Charms                       2
   d - Spectral Weapon                Hexes/Charms                 3
   e - Regeneration                   Charms/Necromancy            3
Comestibles
 d - 2 bread rations
 k - 2 meat rations
 m - 3 chunks of flesh
 n - a slice of pizza


   Skills:
 + Level 3.1 Fighting
 + Level 4.5 Polearms
 - Level 0.6 Armour
 + Level 3.5 Dodging
 - Level 1.2 Shields
 + Level 2.7 Spellcasting
 - Level 4.1 Charms


You had 8 spell levels left.
You knew the following spells:

 Your Spells              Type           Power        Failure   Level  Hunger
a - Infusion              Chrm           ##..         8%          1    #......


Dungeon Overview and Level Annotations

Branches:
Dungeon (4/15)
 Temple: D:4-7

Altars:
Elyvilon
Sif Muna

Annotations:
D:3 TBriggs11TB's ghost, amateur MfBe
D:4 Inkary's ghost, amateur MiSk


Message History

The orc priest hits you with a dagger.
* * * LOW HITPOINT WARNING * * *
The orc wizard closely misses you.
Drink which item? (? for menu, Esc to quit)
You feel agile all of a sudden. The orc wizard barely misses you.
The orc priest completely misses you.
You hit the orc priest but do no damage.
The orc priest is almost dead.
The orc wizard misses you. The orc priest hits you with a dagger.
* * * LOW HITPOINT WARNING * * *
You hit the orc priest but do no damage.
The orc priest is almost dead.
Your extra speed is starting to run out.
The orc wizard mumbles some strange words.
The orc wizard blinks!
The orc wizard gestures wildly while chanting.
The orc wizard blinks!
The orc priest invokes the aid of Beogh against you.
Pain shoots through your body!
You die...

.# . .###.# .... ...
##.# ## #######.# .#####
##...oo).# .....#
##o..####.## ##.# #.#
§.....§@oo.###.####.####
##...#####..[...........
## #.########.#### #.#
#.# #.# #.# #.# #.# ..#
#.# ### #.# #.#


You could see an orc priest and 2 orc wizards.

Vanquished Creatures
  2 orc wizards
  An adder (D:3)
  5 oozes
  6 worms
  4 dart slugs
  2 giant geckos (D:2)
  9 orcs
  5 goblins
  8 hobgoblins
  4 jackals (D:2)
  2 quokkas (D:2)
  5 bats
  A giant newt (D:2)
  11 kobolds
  8 rats
73 creatures vanquished.

Notes
Turn   | Place    | Note
--------------------------------------------------------------
     0 | D:1      | Inkary the Merfolk Skald began the quest for the Orb.
     0 | D:1      | Reached XP level 1. HP: 16/16 MP: 3/3
   127 | D:1      | Reached XP level 2. HP: 21/22 MP: 0/5
   371 | D:1      | Reached XP level 3. HP: 23/28 MP: 6/6
  1482 | D:2      | Reached XP level 4. HP: 33/34 MP: 0/7
  2003 | D:3      | Noticed TBriggs11TB's ghost (amateur MfBe)
  2084 | D:2      | Found a white marble altar of Elyvilon.
  2084 | D:2      | Found a deep blue altar of Sif Muna.
  2457 | D:2      | Reached skill level 1 in Shields
  2649 | D:3      | Reached XP level 5. HP: 33/40 MP: 5/9
  2794 | D:4      | Noticed Inkary's ghost (amateur MiSk)
  2800 | D:3      | HP: 2/40 [TBriggs11TB's ghost (5)]
  4209 | D:4      | HP: 2/41 [orc priest/divine providence (9)]
  4227 | D:4      | HP: 2/41 [orc priest/dagger (4)]
  4228 | D:4      | Killed from afar by an orc priest

Skill      XL: |  1  2  3  4  5 |
---------------+----------------+-----
Dodging        | 2 3 |  3.5
Polearms       | 4 |  4.5
Shields        | 1 |  1.2
Charms         | 4 |  4.1
Fighting       | 3 |  3.1
Armour         | |  0.6
Spellcasting   | |  2.7

Action                   |  1- 3 |  4- 6 || total
-------------------------+-------+-------++-------
Melee: Spear             |   134 |   189 ||   323
 Cast: Infusion          |    12 |    13 ||    25
  Use: Potion            |     1 |     6 ||     7
       Scroll            |       |     5 ||     5
 Stab: Sleeping          |     1 |       ||     1
  Eat: Chunk             |     2 |     9 ||    11
Armor: Leather armour    |    28 |    30 ||    58
Dodge: Dodged            |    59 |    72 ||   131
